 Dungeon Crawl Stone Soup version 0.19-a0-1786-g230130f (webtiles) character file.

121263 kroki the Severer (level 16, -2/169 HPs)
             Began as a Deep Dwarf Berserker on Sept 9, 2016.
             Was a High Priest of Trog.
             Killed from afar by a thorn hunter (39 damage)
             ... with a volley of thorns
             ... on level 4 of the Swamp on Oct 3, 2016.
             The game lasted 00:37:53 (21143 turns).

kroki the Severer (Deep Dwarf Berserker)           Turns: 21143, Time: 00:37:54

Health: -2/169     AC: 29    Str: 29      XL:     16   Next: 32%
Magic:  17/17      EV: 18    Int: 10 (11) God:    Trog [*****.]
Gold:   2135       SH:  0    Dex: 22      Spells: 0 memorised, 15 levels left

rFire  . . .     SeeInvis +     f - +9 battleaxe (flame)
rCold  . . .     Gourm    .     Z - +3 plate armour {rPois}
rNeg   + . .     Faith    .     (shield currently unavailable)
rPois  +         Spirit   .     v - +1 helmet
rElec  .         Dismiss  .     a - +2 cloak {MR+}
rCorr  .         Reflect  .     j - +0 pair of gloves
MR     +++++     Harm     .     X - +0 pair of boots of the Slug {Str+6}
Stlth  ..........               (no amulet)
                                S - ring of Avvuihin {MP+9 Str+5}
                                I - +5 ring of dexterity

@: about to teleport, non-regenerating
A: damage resistance, recharge devices, see invisible, deterioration 1, negative
energy resistance 1, sense surroundings 2, poison resistance, robust 1, slow
regeneration 3, weak 1, sturdy frame 1
a: Device Recharging, Berserk, Trog's Hand, Brothers in Arms, Burn Spellbooks,
Renounce Religion


You were on level 4 of the Swamp.
You worshipped Trog.
Trog was extremely pleased with you.
You were not hungry.

You visited 5 branches of the dungeon, and saw 25 of its levels.
You visited the Abyss 1 time.
You also visited: Sewer.

You collected 2807 gold pieces.
You spent 672 gold pieces at shops.

Inventory:

Hand Weapons
 f - a +9 battleaxe of flaming (weapon)
   (Trog gifted it to you on level 2 of the Orcish Mines)
 q - the +6 broad axe of Qazlal's Anger {elec, Str+4 Int+2 Dex+3}
   (You acquired it on level 6 of the Dungeon)

   Occasionally, upon striking a foe, it will discharge some electrical energy
   and cause terrible harm.
   It affects your strength (+4).
   It affects your intelligence (+2).
   It affects your dexterity (+3).
 W - a +4 battleaxe of chopping
   (Trog gifted it to you on level 4 of the Lair of Beasts)
Missiles
 L - a throwing net {=f, !d}
Armour
 a - a +2 cloak of magic resistance (worn)
   (You took it off Nikola on level 3 of the Swamp)
 j - a +0 pair of gloves (worn)
   (You found it in a sewer)
 v - a +1 helmet (worn)
   (You found it on level 3 of the Dungeon)
 F - a +2 cloak
   (You found it on level 3 of the Swamp)
 X - the +0 pair of boots of the Slug (worn) {Str+6}
   (You found it on level 4 of the Lair of Beasts)

   It affects your strength (+6).
 Z - a +3 plate armour of poison resistance (worn)
   (You found it on level 6 of the Lair of Beasts)
Jewellery
 C - an uncursed ring of fire {rF+, rC-}
   (You found it on level 7 of the Dungeon)
 I - a +5 ring of dexterity (left hand)
   (You found it on level 4 of the Abyss)
 S - the ring of Avvuihin (right hand) {MP+9 Str+5}
   (You found it on level 2 of the Swamp)

   [ring of magical power]

   It affects your strength (+5).
   It affects your magic capacity (+9).
Wands
 c - a wand of heal wounds (1/9)
 h - a wand of acid (12/15)
   (You found it on level 4 of the Dungeon)
 i - a wand of teleportation (6/9)
   (You found it on level 10 of the Dungeon)
 r - a wand of iceblast (8/15)
   (You found it on level 2 of the Swamp)
 t - a wand of confusion (27/48)
   (You took it off a gnoll on level 5 of the Dungeon)
 H - a wand of slowing (24/48)
   (You found it on level 8 of the Dungeon)
 N - a wand of digging (10/24)
   (You found it on level 4 of the Lair of Beasts)
 T - a wand of digging (15/24)
   (You found it on level 4 of the Lair of Beasts)
 Y - a wand of hasting (6/9)
   (You found it on level 4 of the Lair of Beasts)
Scrolls
 b - a scroll of fear
 n - 9 scrolls of remove curse
 o - a scroll of brand weapon
 s - a scroll of fog
 u - 2 scrolls of teleportation
 K - 2 scrolls of blinking {!r}
Potions
 e - 3 potions of might
 g - 6 potions of magic
 k - 5 potions of heal wounds
 l - 8 potions of curing
 p - 3 potions of berserk rage {!q}
 w - a potion of flight
 x - 10 potions of lignification {!q}
 z - 2 potions of cure mutation {!q}
 A - 4 potions of brilliance
 G - a potion of resistance
 U - 3 potions of cancellation
Miscellaneous
 M - a disc of storms
   (You found it on level 9 of the Dungeon)
Comestibles
 d - 3 bread rations {@e1}
 m - 8 meat rations {@e2}
 B - 29 fruits
 J - a royal jelly
 Q - 2 slices of pizza


   Skills:
 * Level 12.6 Fighting
 - Level 20.0 Axes
 * Level 14.3 Armour
 + Level 12.1 Dodging
 - Level 7.3 Evocations


You had 15 spell levels left.
You didn't know any spells.

Dungeon Overview and Level Annotations

Branches:
Dungeon (12/15)            Temple (0/1) D:4            Lair (6/6) D:11
  Swamp (4/4) Lair:4        Snake (0/4) Lair:4        Slime (0/5) Lair:6
    Orc (2/2) D:12            Elf (1/3) Orc:2

Altars:
Gozag
Hepliaklqana
Okawaru
Trog
Vehumet
The Shining One
Beogh
Jiyva

Shops:
D:4 *   Orc:1 ?   Orc:2 :*[(


Innate Abilities, Weirdness & Mutations

You are resistant to damage.
You can recharge devices by infusing magical energy.
You resist negative energy. (rN+)
You passively map the area around you.
You do not regenerate.
You have supernaturally acute eyesight. (SInv)
Your body sometimes deteriorates upon taking damage.
Your system is resistant to poisons. (rPois)
You are robust. (+10% HP)
You are weak. (Str -2)
Your movements are slightly less encumbered by armour. (ER -2)


Message History

The four-headed hydra bites you but does no damage. x3
The four-headed hydra bites you.
A swamp dragon comes into view.
You take 1 damage, and have 86/169 hp.
The swamp dragon roars deafeningly!
You hack one of the four-headed hydra's heads off!
The flame cauterises the wound!
You slice the three-headed hydra!! You burn the three-headed hydra.
The swamp dragon breathes poison at you.
The three-headed hydra closely misses you.
The three-headed hydra bites you but does no damage.
The three-headed hydra barely misses you.
You completely miss the three-headed hydra.
The swamp dragon moves out of view.
You lop one of the three-headed hydra's heads off!
The flame cauterises the wound!
You slice the two-headed hydra!! You burn the two-headed hydra.
You kill the two-headed hydra!
Trog accepts your kill.
A lindwurm comes into view.
The swamp drake completely misses you.
Your plate armour prevents you from hitting the swamp drake.
The swamp drake breathes noxious fumes at you.
The noxious blast engulfs you! The lindwurm breathes flames at you.
The blast of flame hits you!
* * * LOW HITPOINT WARNING * * *
Your body deteriorates!
You feel dopey.
You take 38 damage, and have 48/169 hp.
MASSIVE DAMAGE!!
You slash the swamp drake! You burn the swamp drake.
The swamp drake bites you but does no damage.
You slash the swamp drake! You burn the swamp drake!
You kill the swamp drake!
Trog accepts your kill.
You hit the swamp dragon. You burn the swamp dragon.
You slice the swamp dragon!! You burn the swamp dragon!
You hear a deafening roar!
The swamp dragon bites you but does no damage.
The swamp dragon claws you but does no damage.
The swamp dragon misses you.
You closely miss the swamp dragon.
The swamp dragon bites you but does no damage.
The swamp dragon misses you. The swamp dragon tramples you!
* * * LOW HITPOINT WARNING * * *
You stumble backwards!
You take 6 damage, and have 42/169 hp.
You hit the swamp dragon but do no damage.
The lindwurm breathes flames at you. The blast of flame misses you.
You hit the swamp dragon but do no damage.
The swamp dragon misses you.
The swamp dragon claws you but does no damage.
The swamp dragon tramples you but does no damage.
Your skin crawls.
You feel resistant to hostile enchantments.
You feel somewhat more hungry.
The swamp dragon breathes poison at you.
The blast of poison misses you.
Unknown command.
You cut the swamp dragon into ribbons!!!
You burn the swamp dragon.
You kill the swamp dragon!
Trog accepts your kill.
Your plate armour prevents you from hitting the lindwurm.
A swamp dragon comes into view.
You open the lindwurm like a pillowcase!!!
You burn the lindwurm.
The lindwurm bites you but does no damage.
The lindwurm claws you but does no damage.
The lindwurm claws you.
You open the lindwurm like a pillowcase!!!
You burn the lindwurm.
You kill the lindwurm!
Trog accepts your kill.
You see here a lindwurm corpse.
A thorn hunter comes into view.
The swamp dragon barely misses you. The swamp dragon misses you.
The swamp dragon tramples you but does no damage.
Thorny briars emerge from the ground!
As you read the scroll of teleportation, it crumbles to dust.
You feel strangely unstable.
The swamp dragon breathes poison at you.
The blast of poison engulfs you! You resist.
The thorn hunter fires a volley of thorns at you.
The volley of thorns hits you!
* * * LOW HITPOINT WARNING * * *
You take 12 damage, and have 35/169 hp.
You slice the swamp dragon!! You burn the swamp dragon!
You are no longer poisoned.
The swamp dragon bites you but does no damage.
The swamp dragon claws you but does no damage.
The swamp dragon tramples you but does no damage.
You hit the swamp dragon. You burn the swamp dragon.
The swamp dragon misses you. The swamp dragon closely misses you.
The swamp dragon tramples you but does no damage.
The thorn hunter fires a volley of thorns at you.
The volley of thorns hits you!
You die...

♣♣§. , ♣♣.♣♣ ..≈≈ .≈ ♣♣ .≈.♣
.... ≈≈♣♣.....♣ .##D ≈ *
≈.≈♣≈♣.≈≈♣♣ ♣♣ *
*♣≈.P.♣.♣.♣♣*♣♣ #* ≈ *
♣PP♣.§.§§♣♣.♣♣ ,, ,,.
♣##P.≈..≈♣♣...♣
,....#♣D§§.♣♣....♣ ,
...fPP§@§.≈.....♣ ≈ ,
≈..##P§§§..≈....♣ *≈
,*#♣P≈.....≈.≈≈♣ * ≈ ,
*##PP..≈≈..≈..≈♣♣ ♣#
♣#≈≈P.....≈≈....♣ * ≈#♣♣♣#♣
#♣♣≈≈..†.≈≈≈...≈..♣
≈≈.##≈###≈≈≈≈.≈.).≈≈..≈♣.≈.≈
♣.≈≈≈≈≈#...≈≈†.≈.≈≈♣≈.≈≈.≈≈≈.≈
..≈.≈♣.≈..≈.≈...≈≈≈≈≈♣...♣...*


You could see a thorn hunter and a swamp dragon.

Vanquished Creatures
  Nikola (Swamp:3)
  Jorgrun (Swamp:3)
  A thorn hunter (Swamp:3)
  Kirke (Lair:5)
  Donald (Orc:2)
  2 orc warlords (Orc:2)
  Louise (Swamp:1)
  Azrael (Orc:2)
  A dire elephant (Lair:6)
  Snorg (D:11)
  2 centaur warriors (D:9)
  Erolcha (D:10)
  20 hydras
  2 ghost crabs (Swamp:2)
  A catoblepas (Lair:6)
  Erica (D:11)
  14 alligators
  A tengu warrior (D:12)
  A deep troll shaman (Lair:6)
  9 death yaks (Lair:6)
  An orc high priest (Orc:2)
  The ghost of Kidiri the Thaumaturge, a novice DEFE of Vehumet (D:8)
  Nergalle (D:11)
  2 spriggan druids
  7 swamp dragons
  An unseen horror (D:11)
  A shambling mangrove (Swamp:3)
  2 lindwurms (Swamp:4)
  4 orc knights
  A deep elf archer (Orc:2)
  4 hill giants
  5 deep elf magi (Elf:1)
  2 orc sorcerers (Orc:2)
  6 ugly things
  6 cyclopes
  5 black mambas
  2 elephants (Lair:6)
  17 spiny frogs
  2 rime drakes
  5 komodo dragons
  2 polar bears (Lair:6)
  Grinder (D:4)
  8 hornets (Swamp:3)
  4 trolls
  6 tyrant leeches
  A two-headed ogre (D:9)
  14 slime creatures
  6 dream sheep (Lair:4)
  17 blink frogs
  9 bog bodies
  3 raiju (Abyss:4)
  Sigmund (D:4)
  5 spriggans (Swamp:3)
  A vampire (D:11)
  A wyvern (D:12)
  27 yaks
  A basilisk (Lair:4)
  4 hogs (Lair:5)
  Menkaure (D:6)
  7 hippogriffs
  A hungry ghost (D:12)
  15 vampire mosquitoes
  A naga (Lair:4)
  14 swamp worms
  15 insubstantial wisps
  A large abomination (Abyss:4)
  2 wargs (Orc:1)
  13 water moccasins
  Duvessa (D:4)
  6 swamp drakes
  Purgy (Sewer)
  4 hell hounds (Orc:2)
  2 phantoms
  8 porcupines
  28 orc warriors
  2 ice beasts
  5 black bears
  3 sky beasts
  11 centaurs
  25 wolves
  9 ogres
  2 big kobolds (D:9)
  10 crocodiles
  Blork the orc (Orc:2)
  A gnoll sergeant (D:11)
  Dowan (D:4)
  10 bullfrogs
  3 scorpions
  12 killer bees
  23 wights
  2 howler monkeys
  3 electric eels (Lair:4)
  3 crimson imps
  A removed MONS_WASP zombie (D:9)
  A quasit (D:12)
  3 bullfrog zombies
  4 hounds
  4 jellies
  2 bullfrog skeletons
  4 centaur skeletons
  14 orc priests
  7 iguanas
  14 orc wizards
  6 worker ants
  A hound zombie (D:9)
  2 hound skeletons
  11 gnolls
  3 worker ant zombies
  9 adders
  32 river rats
  A shadow imp (D:9)
  An ooze (D:3)
  2 adder skeletons
  3 worms
  6 dart slugs
  4 leopard geckos
  60 orcs
  A ball python (D:1)
  12 giant cockroaches
  2 goblins (D:3)
  6 hobgoblins (Orc:1)
  11 jackals
  8 quokkas
  10 bats
  7 frilled lizards
  A jackal skeleton (D:6)
  7 kobolds
  A leopard gecko skeleton (D:5)
  6 rats
  6 briar patches (Swamp:3)
  2 fungi
  7 plants
777 creatures vanquished.

Vanquished Creatures (collateral kills)
  A fire elemental (Orc:2)
  An orc (Orc:2)
2 creatures vanquished.

Vanquished Creatures (others)
  A spiny frog (Swamp:2)
  A swamp drake (Swamp:4)
  3 fungi (Lair:4)
  A plant (Lair:4)
6 creatures vanquished.

Grand Total: 785 creatures vanquished

Notes
Turn   | Place    | Note
-------+----------+-------------------------------------------
     0 | D:1      | kroki the Deep Dwarf Berserker began the quest for the Orb.
     0 | D:1      | Reached XP level 1. HP: 20/20 MP: 1/1
   111 | D:1      | Reached XP level 2. HP: 24/27 MP: 2/2
   293 | D:1      | You fall through a shaft!
   417 | D:2      | Reached XP level 3. HP: 32/33 MP: 3/3
   459 | D:2      | Reached ** piety under Trog
   629 | D:2      | Reached skill level 4 in Axes
   937 | D:2      | Reached skill level 3 in Armour
   951 | D:2      | Reached XP level 4. HP: 23/40 MP: 4/4
  1348 | D:3      | Reached skill level 3 in Dodging
  1533 | D:3      | Found an opulent altar of Gozag.
  1607 | D:3      | Reached skill level 3 in Fighting
  2123 | D:4      | Noticed Duvessa
  2125 | D:4      | Noticed Sigmund
  2125 | D:4      | Noticed Dowan
  2137 | D:4      | Killed Sigmund
  2137 | D:4      | Reached skill level 4 in Armour
  2137 | D:4      | Reached XP level 5. HP: 46/49 MP: 5/5
  2137 | D:4      | Reached XP level 6. HP: 53/56 MP: 6/6
  2138 | D:4      | Killed Duvessa
  2138 | D:4      | Reached skill level 5 in Axes
  2138 | D:4      | Reached skill level 4 in Dodging
  2149 | D:4      | Killed Dowan
  2149 | D:4      | Reached skill level 4 in Fighting
  2231 | D:4      | Noticed Grinder
  2250 | D:4      | Killed Grinder
  2250 | D:4      | Reached skill level 5 in Armour
  2250 | D:4      | Reached XP level 7. HP: 64/66 MP: 7/7
  2340 | D:4      | Found Tillidan's General Store.
  2349 | D:4      | Found a staircase to the Ecumenical Temple.
  2418 | D:4      | Found a glowing drain.
  2453 | Sewer    | Entered a sewer
  2536 | Sewer    | Noticed Purgy
  2541 | Sewer    | Killed Purgy
  2796 | D:4      | Reached skill level 5 in Dodging
  2894 | D:4      | Reached skill level 6 in Axes
  3386 | D:5      | Entered Level 5 of the Dungeon
  3414 | D:5      | Reached *** piety under Trog
  3414 | D:5      | Reached skill level 7 in Axes
  3414 | D:5      | Reached XP level 8. HP: 64/73 MP: 8/8
  3867 | D:5      | Reached skill level 8 in Axes
  3970 | D:5      | Found a hazy altar of Hepliaklqana.
  3970 | D:5      | Found an iron altar of Okawaru.
  4099 | D:5      | Found a glowing golden altar of the Shining One.
  4175 | D:6      | Identified a scroll of acquirement
  4176 | D:6      | Got a crude broad axe
  4177 | D:6      | Identified the +6 broad axe of Qazlal's Anger {elec, Str+4 Int+2 Dex+3} (You acquired it on level 6 of the Dungeon)
  4337 | D:6      | Reached skill level 9 in Axes
  4928 | D:6      | Reached skill level 10 in Axes
  4981 | D:6      | Noticed Menkaure
  4984 | D:6      | Killed Menkaure
  4984 | D:6      | Gained mutation: You passively map the area around you. [Deep Dwarf growth]
  4984 | D:6      | Reached XP level 9. HP: 79/79 MP: 8/8
  5382 | D:7      | Reached skill level 11 in Axes
  5466 | D:7      | Reached **** piety under Trog
  5768 | D:8      | Noticed Kidiri's ghost (novice DEFE)
  5778 | D:8      | Killed Kidiri's ghost
  5778 | D:8      | Reached skill level 12 in Axes
  5899 | D:8      | Got a fine robe
  5928 | D:8      | Found a radiant altar of Vehumet.
  6050 | D:8      | Reached skill level 13 in Axes
  6272 | D:8      | Gained mutation: You have supernaturally acute eyesight. (SInv) [potion of mutation]
  6272 | D:8      | Gained mutation: Your body sometimes deteriorates upon taking damage. [potion of mutation]
  6272 | D:8      | Gained mutation: You are weak. (Str -2) [potion of mutation]
  6273 | D:8      | Gained mutation: You are robust. (+10% HP) [potion of mutation]
  6273 | D:8      | Gained mutation: Your system is resistant to poisons. (rPois) [potion of mutation]
  6466 | D:9      | Noticed a cyclops
  6476 | D:9      | Killed a cyclops
  6476 | D:9      | Reached XP level 10. HP: 72/95 MP: 8/8
  6769 | D:9      | Reached skill level 14 in Axes
  7110 | D:9      | Noticed a centaur warrior
  7122 | D:9      | Noticed a centaur warrior
  7127 | D:9      | Noticed a hill giant
  7139 | D:9      | Noticed a white ugly thing
  7139 | D:9      | Noticed a cyclops
  7140 | D:9      | Noticed a cyclops
  7214 | D:9      | Reached ***** piety under Trog
  7273 | D:9      | Killed a cyclops
  7276 | D:9      | Killed a white ugly thing
  7282 | D:9      | Killed a centaur warrior
  7282 | D:9      | Reached skill level 15 in Axes
  7284 | D:9      | Killed a centaur warrior
  7285 | D:9      | Killed a hill giant
  7291 | D:9      | Killed a cyclops
  7291 | D:9      | Reached skill level 16 in Axes
  7291 | D:9      | Reached XP level 11. HP: 75/102 MP: 9/9
  7313 | D:9      | Got a warped robe
  7554 | D:10     | Entered Level 10 of the Dungeon
  7803 | D:10     | Noticed a hill giant
  7809 | D:10     | Killed a hill giant
  8059 | D:10     | Noticed a hill giant
  8065 | D:10     | Killed a hill giant
  8105 | D:10     | Noticed Erolcha
  8116 | D:10     | Reached skill level 17 in Axes
  8123 | D:10     | Killed Erolcha
  8381 | D:11     | Noticed an eight-headed hydra
  8390 | D:11     | Killed a 12-headed hydra
  8488 | D:11     | Noticed a brown ugly thing
  8490 | D:11     | Noticed Erica
  8498 | D:11     | Killed Erica
  8503 | D:11     | Killed a brown ugly thing
  8511 | D:11     | Reached skill level 5 in Fighting
  8525 | D:11     | HP: 18/103 [yak (9)]
  8578 | D:11     | Noticed Nergalle
  8586 | D:11     | Killed Nergalle
  8586 | D:11     | Reached skill level 18 in Axes
  8586 | D:11     | Reached skill level 6 in Armour
  8598 | D:11     | Noticed an unseen horror
  8656 | D:11     | Noticed Snorg
  8667 | D:11     | Killed Snorg
  8667 | D:11     | Reached XP level 12. HP: 96/113 MP: 9/9
  8910 | D:11     | Found a staircase to the Lair.
  9148 | Lair:1   | Entered Level 1 of the Lair of Beasts
  9172 | Lair:1   | Received a gift from Trog
  9172 | Lair:1   | Reached skill level 6 in Dodging
  9601 | Lair:1   | Got a pair of brightly glowing boots
  9619 | Lair:1   | Reached skill level 7 in Armour
  9636 | Lair:1   | Reached skill level 6 in Fighting
  9785 | Lair:1   | Noticed a five-headed hydra
  9793 | Lair:1   | Killed a nine-headed hydra
  9908 | Lair:1   | Reached skill level 7 in Dodging
 10190 | Lair:1   | Identified the +2 pair of boots of Baldness {*Corrode Str+9} (You found it on level 1 of the Lair of Beasts)
 11141 | Lair:3   | Reached skill level 8 in Armour
 12037 | Lair:4   | Reached skill level 19 in Axes
 12038 | Lair:4   | Noticed a four-headed hydra
 12039 | Lair:4   | Reached skill level 7 in Fighting
 12039 | Lair:4   | Reached XP level 13. HP: 114/126 MP: 10/10
 12172 | Lair:4   | Found a staircase to the Snake Pit.
 12199 | Lair:4   | Found a staircase to the Swamp.
 12275 | Lair:4   | Got a pair of smoking boots
 12398 | Lair:4   | Received a gift from Trog
 12398 | Lair:4   | Reached skill level 8 in Dodging
 12698 | Lair:4   | Reached skill level 1 in Evocations
 12910 | Lair:4   | Reached skill level 2 in Evocations
 13230 | Lair:5   | Noticed Kirke
 13242 | Lair:5   | Killed Kirke
 13242 | Lair:5   | Reached skill level 3 in Evocations
 13288 | Lair:5   | Reached skill level 9 in Armour
 13351 | Lair:5   | Identified the cursed +0 pair of boots of the Slug {Str+6} (You found it on level 4 of the Lair of Beasts)
 13622 | Lair:5   | Reached skill level 4 in Evocations
 14066 | Lair:6   | Entered Level 6 of the Lair of Beasts
 14188 | Lair:6   | Reached skill level 8 in Fighting
 14191 | Lair:6   | Reached skill level 5 in Evocations
 14234 | Lair:6   | Found a viscous altar of Jiyva.
 14234 | Lair:6   | Found a staircase to the Slime Pits.
 14324 | Lair:6   | Received a gift from Trog
 14353 | Lair:6   | Reached skill level 9 in Dodging
 14406 | Lair:6   | Reached skill level 6 in Evocations
 14406 | Lair:6   | Gained mutation: You resist negative energy. (rN+) [Deep Dwarf growth]
 14406 | Lair:6   | Reached XP level 14. HP: 111/138 MP: 15/15
 15683 | D:12     | Reached skill level 7 in Evocations
 15767 | D:12     | Reached skill level 20 in Axes
 15893 | D:12     | Reached skill level 10 in Armour
 16041 | D:12     | Found a staircase to the Orcish Mines.
 16447 | Orc:1    | Entered Level 1 of the Orcish Mines
 16588 | Orc:1    | Found Xiupox's Magic Scroll Shop.
 17032 | Orc:1    | Upgraded the game from 0.19-a0-1493-gd0fcaa6 to 0.19-a0-1498-g0b85ae9
 17041 | Orc:2    | Entered Level 2 of the Orcish Mines
 17140 | Orc:2    | Noticed Donald
 17156 | Orc:2    | Killed Donald
 17156 | Orc:2    | Reached skill level 9 in Fighting
 17157 | Orc:2    | Received a gift from Trog
 17250 | Orc:2    | Noticed Azrael
 17253 | Orc:2    | Noticed an orc warlord
 17259 | Orc:2    | Reached skill level 10 in Dodging
 17264 | Orc:2    | Killed Azrael
 17264 | Orc:2    | HP: 51/211 [orc priest/divine providence[an orc warlord] (9)]
 17269 | Orc:2    | Found a roughly hewn altar of Beogh.
 17269 | Orc:2    | HP: 11/211 [orc warlord/enchanted great mace (21)]
 17274 | Orc:2    | HP: 11/211 [orc knight/bardiche (3)]
 17275 | Orc:2    | Killed an orc warlord
 17275 | Orc:2    | Reached skill level 11 in Armour
 17342 | Orc:2    | Noticed an orc warlord
 17354 | Orc:2    | Received a gift from Trog
 17355 | Orc:2    | Killed an orc warlord
 17486 | Orc:2    | Noticed Blork the orc
 17492 | Orc:2    | Killed Blork the orc
 17501 | Orc:2    | Found Ateqicw's Book Shoppe.
 17518 | Orc:2    | Found Haneguxt's Antique Armour Shoppe.
 17656 | Orc:2    | Found Faecisk's General Store.
 17687 | Orc:2    | Found a bloodstained altar of Trog.
 17701 | Orc:2    | Found a staircase to the Elven Halls.
 17826 | Orc:2    | Found Izofif's Antique Weapon Shoppe.
 17898 | Orc:2    | kroki: ohio
 18014 | Orc:1    | Bought a scroll of enchant weapon for 105 gold pieces
 18014 | Orc:1    | Bought a scroll of identify for 28 gold pieces
 18014 | Orc:1    | Bought a scroll of teleportation for 42 gold pieces
 18014 | Orc:1    | Bought a scroll of teleportation for 42 gold pieces
 18014 | Orc:1    | Bought a scroll of fog for 28 gold pieces
 18091 | Orc:2    | Bought a scroll of teleportation for 42 gold pieces
 18091 | Orc:2    | Bought a potion of resistance for 140 gold pieces
 18091 | Orc:2    | Bought a potion of ambrosia for 112 gold pieces
 18091 | Orc:2    | Bought a scroll of identify for 28 gold pieces
 18091 | Orc:2    | Bought a scroll of blinking for 105 gold pieces
 18263 | Elf:1    | Entered Level 1 of the Elven Halls
 18282 | Elf:1    | Reached skill level 10 in Fighting
 18480 | Swamp:1  | Entered Level 1 of the Swamp
 18481 | Swamp:1  | HP: 32/145 [spiny frog (9)]
 18482 | Swamp:1  | Noticed Louise
 18528 | Swamp:1  | Killed Louise
 18528 | Swamp:1  | Reached XP level 15. HP: 105/151 MP: 14/14
 18771 | Swamp:1  | Reached skill level 12 in Armour
 18814 | Swamp:1  | Upgraded the game from 0.19-a0-1498-g0b85ae9 to 0.19-a0-1786-g230130f
 18830 | Swamp:1  | Gained mutation: Your movements are slightly less encumbered by armour. (ER -2) [potion of beneficial mutation]
 19386 | Swamp:2  | Received a gift from Trog
 19412 | Swamp:2  | Reached skill level 11 in Fighting
 19418 | Swamp:2  | Cast into level 4 of the Abyss (a distortion unwield)
 19489 | Swamp:2  | Escaped the Abyss
 19524 | Swamp:2  | Got a brightly glowing wooden ring
 19557 | Swamp:2  | Identified the ring of Avvuihin {MP+9 Str+5} (You found it on level 2 of the Swamp)
 19560 | Swamp:2  | HP: 34/155 [tyrant leech (21)]
 19597 | Swamp:2  | Reached skill level 11 in Dodging
 19676 | Swamp:2  | HP: 38/155 [green ugly thing (5)]
 19737 | Swamp:2  | HP: 38/156 [alligator (8)]
 19767 | Swamp:2  | HP: 31/156 [bog body/bolt of cold (5)]
 19811 | Swamp:2  | Got a shimmering cloak
 19838 | Swamp:2  | Identified the +1 cloak "Xepp" {rC+} (You found it on level 2 of the Swamp)
 19905 | Swamp:2  | Reached skill level 13 in Armour
 20349 | Swamp:3  | HP: 25/156 [very large slime creature (27)]
 20540 | Swamp:3  | Noticed Nikola
 20551 | Swamp:3  | Killed Nikola
 20608 | Swamp:3  | Noticed Jorgrun
 20611 | Swamp:3  | Reached skill level 12 in Fighting
 20621 | Swamp:3  | Killed Jorgrun
 20621 | Swamp:3  | Reached XP level 16. HP: 48/167 MP: 10/10
 20622 | Swamp:3  | HP: 38/167 [spriggan rider/spear (10)]
 20715 | Swamp:3  | Noticed a thorn hunter
 20725 | Swamp:3  | HP: 55/250 [thorn hunter (8)]
 20726 | Swamp:3  | Killed a thorn hunter
 20979 | Swamp:4  | Entered Level 4 of the Swamp
 20983 | Swamp:4  | Received a gift from Trog
 20983 | Swamp:4  | Reached skill level 14 in Armour
 21084 | Swamp:4  | Reached skill level 12 in Dodging
 21132 | Swamp:4  | HP: 42/169 [swamp dragon (6)]
 21140 | Swamp:4  | Noticed a thorn hunter
 21141 | Swamp:4  | HP: 35/169 [thorn hunter/volley of thorns (13)]
 21143 | Swamp:4  | Killed from afar by a thorn hunter

Vault maps used:
D:1:      minmay_arrival_radiant_lines, hangedman_decor_diamond_cutter
D:2:      minmay_tetromino_i2
D:3:      nicolae_gozag_seed_capital
D:4:      serial_shops, shop, first_bread, portal_sewer_entry_f,
          minmay_misc_feat_five, uniq_sigmund, uniq_duvessa, uniq_grinder
D:5:      nicolae_tso_swordbearing_angel, gammafunk_temple_overflow_statue,
          uniq_crazy_yiuf_cottage
D:6:      kennysheep_six_static_rooms, uniq_menkaure
D:8:      kennysheep_mini_moat
D:9:      blue_anna_alchemist, minivault_12
D:10:     uniq_erolcha
D:11:     lair_0_dummy, uniq_erica, uniq_snorg, uniq_nergalle
D:12:     orc_0_dummy, hangedman_decor_push
Lair:2:   infiniplex_staircase_pool
Lair:3:   wad_woods_river_01, grunt_megastairs_3
Lair:4:   statuecave_lemuel, minmay_swamp_entry_reptiles,
          guppyfry_snake_entry_island
Lair:5:   serial_bayou_pond_b, uniq_kirke
Lair:6:   grunt_lair_end_beastmaster, slime_altar_1, st_stairs_5,
          grunt_megastairs_4
Swamp:1:  nicolae_swamp_round_clearing, swamp_pool3, uniq_louise
Swamp:2:  nicolae_swamp_dense_foliage
Swamp:3:  evilmike_swamp_ruin_house_1, swamp_pool4, uniq_jorgrun, uniq_nikola
Swamp:4:  swamp_alternative, swamp_pool3
Orc:1:    cheibrodos_orc_bank, serial_shops, shop_statue
Orc:2:    grunt_orc_cross, basic_altar, uniq_azrael, uniq_donald
Elf:1:    eino_elf_arrival_customs, special_room, minmay_elf_demonology,
          st_stairs_11
Abyss:4:  guppyfry_abyss_exit_glass_guarded
Sewer:    kennysheep_door_sewer

Skill      XL: |  1  2  3  4  5  6  7  8  9 10 11 12 13 14 15 16 |
---------------+-------------------------------------------------+-----
Axes           | 4 5 7 10 13 16 18 19 20 | 20.0
Armour         | 3 4 5 6 8 9 11 13 14 | 14.3
Dodging        | 3 4 5 7 9 10 11 12 | 12.1
Fighting       | 3 4 5 7 8 10 12 | 12.6
Evocations     | 6 7 |  7.3

Action                   |  1- 3 |  4- 6 |  7- 9 | 10-12 | 13-15 | 16-18 || total
-------------------------+-------+-------+-------+-------+-------+-------++-------
Melee: Hand axe          |   112 |   126 |   226 |       |       |       ||   464
       Broad axe         |       |       |   135 |   390 |   589 |       ||  1114
       Battleaxe         |       |       |       |       |   322 |    85 ||   407
Invok: Berserk           |     2 |     2 |     6 |    11 |    17 |     3 ||    41
       Trog's Hand       |       |     2 |       |     9 |    27 |     1 ||    39
       Brothers in Arms  |       |       |       |       |     1 |       ||     1
 Abil: Device Recharging |       |       |     2 |     1 |     8 |     2 ||    13
Evoke: Wand              |     1 |     2 |     8 |    12 |    37 |     9 ||    69
  Use: Scroll            |     1 |     8 |    11 |     6 |    19 |     5 ||    50
       Potion            |       |       |     5 |     2 |     8 |     1 ||    16
 Stab: Distracted        |       |       |       |       |     1 |       ||     1
  Eat: Chunk             |     2 |     3 |     8 |    19 |    37 |       ||    69
       Fruit             |       |     1 |     1 |       |       |       ||     2
       Royal jelly       |       |     1 |       |       |       |       ||     1
       Beef jerky        |       |       |     1 |     1 |     1 |       ||     3
       Bread ration      |       |       |     3 |     1 |     5 |     2 ||    11
       Meat ration       |       |       |     1 |       |       |       ||     1
       Pizza             |       |       |       |     1 |       |       ||     1
Armor: Animal skin       |    15 |       |       |       |       |       ||    15
       Scale mail        |     6 |    55 |       |       |       |       ||    61
       Chain mail        |       |       |   151 |       |       |       ||   151
       Plate armour      |       |       |    13 |   193 |   483 |    87 ||   776
Dodge: Dodged            |    80 |    94 |   205 |   185 |   661 |    96 ||  1321
Block: Shield            |       |       |       |       |     8 |       ||     8

Vault maps used:
D:1:      minmay_arrival_radiant_lines, hangedman_decor_diamond_cutter
D:2:      minmay_tetromino_i2
D:3:      nicolae_gozag_seed_capital
D:4:      serial_shops, shop, first_bread, portal_sewer_entry_f,
          minmay_misc_feat_five, uniq_sigmund, uniq_duvessa, uniq_grinder
D:5:      nicolae_tso_swordbearing_angel, gammafunk_temple_overflow_statue,
          uniq_crazy_yiuf_cottage
D:6:      kennysheep_six_static_rooms, uniq_menkaure
D:8:      kennysheep_mini_moat
D:9:      blue_anna_alchemist, minivault_12
D:10:     uniq_erolcha
D:11:     lair_0_dummy, uniq_erica, uniq_snorg, uniq_nergalle
D:12:     orc_0_dummy, hangedman_decor_push
Lair:2:   infiniplex_staircase_pool
Lair:3:   wad_woods_river_01, grunt_megastairs_3
Lair:4:   statuecave_lemuel, minmay_swamp_entry_reptiles,
          guppyfry_snake_entry_island
Lair:5:   serial_bayou_pond_b, uniq_kirke
Lair:6:   grunt_lair_end_beastmaster, slime_altar_1, st_stairs_5,
          grunt_megastairs_4
Swamp:1:  nicolae_swamp_round_clearing, swamp_pool3, uniq_louise
Swamp:2:  nicolae_swamp_dense_foliage
Swamp:3:  evilmike_swamp_ruin_house_1, swamp_pool4, uniq_jorgrun, uniq_nikola
Swamp:4:  swamp_alternative, swamp_pool3
Orc:1:    cheibrodos_orc_bank, serial_shops, shop_statue
Orc:2:    grunt_orc_cross, basic_altar, uniq_azrael, uniq_donald
Elf:1:    eino_elf_arrival_customs, special_room, minmay_elf_demonology,
          st_stairs_11
Abyss:4:  guppyfry_abyss_exit_glass_guarded
Sewer:    kennysheep_door_sewer

Table legend:
 A = Turns spent in this place as a percentage of turns spent in the entire game.
 B = Non-inter-level travel turns spent in this place as a percentage of non-inter-level travel turns spent in the entire game.
 C = Inter-level travel turns spent in this place as a percentage of turns spent in this place.
 D = Turns resting spent in this place as a percentage of non-inter-level travel turns spent in this place.
 E = Turns spent auto-exploring this place as a percentage of non-inter-level travel turns spent in this place.
 F = Non-inter-level travel turns spent in this place divided by the number of levels of this place that you've seen.
                   A       B       C       D       E      F
               +-------+-------+-------+-------+-------+----------------------
         Total | 100.0 | 100.0 |   0.4 |   0.6 |   6.9 | 542.3
       Dungeon |  46.6 |  46.6 |   0.4 |   0.7 |   8.2 | 568.2
          Lair |  25.3 |  25.3 |   0.3 |   1.0 |   6.3 | 618.3
         Swamp |  16.9 |  16.9 |   0.2 |   0.3 |   4.8 | 619.2
  Orcish Mines |   8.1 |   8.1 |   0.9 |   0.0 |   7.3 | 592.5
   Elven Halls |   0.4 |   0.4 |   1.9 |   0.0 |   0.0 |  52.0
         Abyss |   0.6 |   0.6 |   0.0 |   0.0 |   0.0 |  83.0
         Sewer |   2.2 |   2.2 |   0.0 |   1.3 |   7.0 | 316.0
               +-------+-------+-------+-------+-------+----------------------

Table legend:
 A = Kills in this place as a percentage of kills in entire the game.
 B = Kills by you in this place as a percentage of kills by you in the entire game.
 C = Kills by friends in this place as a percentage of kills by friends in the entire game.
 D = Other kills in this place as a percentage of other kills in the entire game.
 E = Experience gained in this place as a percentage of experience gained in the entire game.
 F = Experience gained in this place divided by the number of levels of this place that you have seen.
                   A       B       C       D       E      F
               +-------+-------+-------+-------+-------+----------------------
         Total | 100.0 | 100.0 | 100.0 | 100.0 | 100.0 | 6416.1
       Dungeon |  37.6 |  37.8 |   0.0 |   0.0 |  18.1 | 2606.2
          Lair |  26.0 |  26.1 |   0.0 |   0.0 |  28.6 | 8247.7
         Swamp |  19.5 |  19.4 |   0.0 | 100.0 |  41.2 | 17825.8
  Orcish Mines |  14.9 |  14.7 | 100.0 |   0.0 |  10.0 | 8687.5
   Elven Halls |   0.7 |   0.7 |   0.0 |   0.0 |   1.6 | 2713.0
         Abyss |   0.5 |   0.5 |   0.0 |   0.0 |   0.5 | 936.0
         Sewer |   0.8 |   0.8 |   0.0 |   0.0 |   0.1 | 146.0
               +-------+-------+-------+-------+-------+----------------------
